 Dungeon Crawl Stone Soup version 0.30-a0-368-g86fb4627a9 (webtiles) character file.

Game seed: 8622797234044063047

348 lunkers the Cudgeller (level 6, 0/54 HPs)
             Began as an Armataur Reaver on Nov 18, 2022.
             Slain by a gnoll
             ... wielding a +0 spear
             ... led by a gnoll bouda
              (7 damage)
             ... on level 5 of the Dungeon.
             The game lasted 00:05:35 (2337 turns).

lunkers the Cudgeller (Armataur Reaver)             Turns: 2337, Time: 00:05:35

Health: 0/54       AC:  5    Str: 19    XL:     6   Next: 33%
Magic:  8/8        EV:  9    Int: 14    God:
Gold:   100        SH:  0    Dex:  8    Spells: 7/8 levels left

rFire   . . .      SeeInvis .    a - +0 mace
rCold   . . .      Faith    .    (no shield)
rNeg    . . .      Spirit   .    b - +0 leather armour
rPois   .          Reflect  .    e - +0 helmet
rElec   .          Harm     .    (no cloak)
rCorr   .          Roll     +    (no gloves)
Will    .....                    (no barding)
Stlth   +.........               (no amulet)
HPRegen 0.29/turn                (no ring)
MPRegen 0.11/turn                (no ring)

@: no status effects
A: large, rugged brown scales 3, deformed body, armoured tail, roll, long
tongue, awkward tongue
a: no special abilities


You were on level 5 of the Dungeon.
You visited 1 branch of the dungeon, and saw 4 of its levels.

You collected 100 gold pieces.

Inventory:

Hand Weapons
 a - a +0 mace (weapon)
Armour
 b - a +0 leather armour (worn)
 e - a +0 helmet (worn)
Wands
 h - a wand of acid (3)
Scrolls
 d - 2 scrolls of butterflies {unknown}
 f - 2 scrolls of teleportation
 i - 2 scrolls of vulnerability {unknown}
 n - a scroll of enchant armour {unknown}
 o - 3 scrolls of noise {unknown}
Potions
 c - 2 potions of degeneration {unknown}
 g - a potion of heal wounds {unknown}
 j - 4 potions of curing
 k - 2 potions of brilliance {unknown}
 l - 2 potions of might {unknown}
 m - a potion of flight {unknown}


   Skills:
 + Level 3.1 Fighting
 - Level 6.0 Maces & Flails
 - Level 1.3 Dodging
 - Level 1.7 Spellcasting
 - Level 2.6 Conjurations


You had 7 spell levels left.
You knew the following spells:

 Your Spells              Type           Power      Damage    Failure   Level
p - Kiss of Death         Conj/Necr      16%        2d6       17%         1

Your spell library contained the following spells:

 Spells                   Type           Power      Damage    Failure   Level
 Momentum Strike          Conj/Tloc      8%         3d8       26%         2
 Hailstorm                Conj/Ice       4%         3d4       45%         3


Dungeon Overview and Level Annotations

Branches:
Dungeon (3/15)

Altars:

Shops:
D:1 ?


Innate Abilities, Weirdness & Mutations

You are completely covered in rugged brown scales. (AC +3, +7% HP)
Armour fits poorly on your strangely shaped body.
You have a long armoured tail.
You roll when moving toward enemies. (Rampage)
Your long tongue fully drains potion bottles. (2x potion effects)
Your tongue gives you trouble enunciating. (1.5x scroll delay)


Message History

Press: ? - help, Shift-Dir - straight line, f - gnoll
Aim: a gnoll, wielding a +0 whip and wearing a +0 chain mail (83% to hit)
The bolt of acid hits the gnoll.
The gnoll is heavily wounded.
The bolt of acid hits the gnoll bouda!
The gnoll bouda is severely wounded.
The bolt of acid hits the gnoll!
The acid corrodes the gnoll!
The gnoll is almost dead.
The bolt of acid hits the shadow imp!
The acid corrodes the shadow imp!
The shadow imp is almost dead.
The gnoll hits you with a +0 whip.
* * * LOW HITPOINT WARNING * * *
Aiming: Corrosive Bolt
Press: ? - help, Shift-Dir - straight line, f/p - gnoll
Aim: a gnoll, wielding a +0 whip and wearing a +0 chain mail (heavily wounded, 83% to hit)
The bolt of acid hits the gnoll!
The acid corrodes the gnoll!
You kill the gnoll!
The bolt of acid hits the gnoll!
The gnoll is severely wounded.
The bolt of acid hits the gnoll bouda!!
You kill the gnoll bouda!
The bolt of acid hits the gnoll!
You kill the gnoll!
The gnoll hits you from afar with a +0 spear.
* * * LOW HITPOINT WARNING * * *
Your life force feels restored.
Your Fighting skill increases to level 3!
Unknown command.
You roll towards the gnoll!
You hit the gnoll but do no damage.
The gnoll is severely wounded.
The gnoll barely misses you.
You hit the gnoll.
The gnoll is almost dead.
The shadow imp hits you but does no damage.
The gnoll closely misses you.
You hit the gnoll but do no damage.
The gnoll is almost dead.
The shadow imp hits you but does no damage.
The gnoll hits you with a +0 spear!
You die...

....###########
........#.....##
...........)...##
................#
................#
................#
#...............#
#...............#
##.....@.......##
##....g5.....##
##..#).######
##.#).# . ..#..#
5. ....... #.
##.....## #.g##
#.....
#..$###.....#


You could see a gnoll and a shadow imp (corroded).

Vanquished Creatures
  An ice beast (D:5)
  A phantom (D:5)
  A hound (D:2)
  A gnoll bouda (D:5)
  2 adders (D:2)
  5 gnolls
  2 worms
  An orc (D:3)
  4 bats
  4 endoplasms
  5 giant cockroaches
  6 goblins
  3 hobgoblins
  3 jackals (D:1)
  8 ball pythons
  2 frilled lizards (D:2)
  4 kobolds
  3 rats (D:3)
56 creatures vanquished.

Notes
Turn   | Place    | Note
-------+----------+-------------------------------------------
     0 | D:1      | lunkers the Armataur Reaver began the quest for the Orb.
     0 | D:1      | Reached XP level 1. HP: 18/18 MP: 3/3
   128 | D:1      | Reached skill level 3 in Maces & Flails
   395 | D:1      | Reached XP level 2. HP: 25/25 MP: 4/4
   402 | D:1      | Found Rapniny's Magic Scroll Boutique.
   935 | D:2      | Reached XP level 3. HP: 23/31 MP: 5/5
   987 | D:2      | Reached skill level 4 in Maces & Flails
  1440 | D:2      | Reached XP level 4. HP: 23/38 MP: 6/6
  1909 | D:3      | Reached skill level 5 in Maces & Flails
  2014 | D:3      | Reached XP level 5. HP: 9/22 MP: 7/7
  2237 | D:3      | You fall into a shaft and drop 2 floors!
  2237 | D:5      | Entered Level 5 of the Dungeon
  2240 | D:5      | Noticed an ice beast
  2249 | D:5      | Noticed a phantom
  2306 | D:5      | Killed an ice beast
  2312 | D:5      | Killed a phantom
  2313 | D:5      | Reached skill level 6 in Maces & Flails
  2313 | D:5      | Reached XP level 6. HP: 13/50 MP: 8/8
  2337 | D:5      | Slain by a gnoll

Illustrated notes

Levels and vault maps discovered:
D:1:      erik_arrival_orb_chamber, layout_basic, serial_shops,
          nicolae_lakefront_shop
D:2:      layout_rooms
D:3:      layout_basic, trog_hazing_becter
D:5:      layout_rooms, nicolae_overflow_hidden_temple

Skill      XL: |  1  2  3  4  5  6 |
---------------+-------------------+-----
Maces & Flails | 3 4 5 6 |  6.0
Fighting       | 2 3 |  3.1
Dodging        | |  1.3
Spellcasting   | |  1.7
Conjurations   | |  2.6

Action                   |  1- 3 |  4- 6 || total
-------------------------+-------+-------++-------
Melee: Mace              |   113 |    56 ||   169
       Tailslap          |     5 |     6 ||    11
       Punch             |     1 |       ||     1
 Cast: Kiss of Death     |       |     4 ||     4
Evoke: Wand              |       |     8 ||     8
  Use: Scroll            |       |     2 ||     2
       Potion            |       |     1 ||     1
Armor: Leather armour    |    45 |    23 ||    68
Dodge: Dodged            |    55 |    40 ||    95

Table legend: (Time is in decaauts)
 A = Elapsed time spent in this place.
 B = Non-inter-level travel time spent in this place.
 C = Inter-level travel time spent in this place.
 D = Time resting spent in this place.
 E = Time spent auto-exploring this place.
 F = Levels seen in this place.
 G = Mean time per level.
                   A        B        C        D        E       F      G
               +--------+--------+--------+--------+--------+-----+--------+
         Total |   2369 |   2340 |     29 |     98 |   1805 |   4 |  592.2 |
       Dungeon |   2369 |   2340 |     29 |     98 |   1805 |   4 |  592.2 |
               +--------+--------+--------+--------+--------+-----+--------+

Top non-repeatable levels by time:
     D:1: 872 daAuts
     D:3: 702 daAuts
     D:2: 692 daAuts
     D:5: 101 daAuts
